 Dungeon Crawl Stone Soup version 0.30.0-10-gfe55d96785 (webtiles) character file.

Game seed: 6410315870679266131

105 GigaChad the Shield-Bearer (level 5, -4/42 HPs)
             Began as a Formicid Fighter on May 15, 2023.
             Slain by a gnoll
             ... wielding a +0 halberd
              (7 damage)
             ... on level 2 of the Dungeon.
             The game lasted 00:02:41 (777 turns).

GigaChad the Shield-Bearer (Formicid Fighter)        Turns: 777, Time: 00:02:41

Health: -4/42      AC:  7    Str: 23    XL:     5   Next: 8%
Magic:  5/5        EV:  9    Int:  7    God:
Gold:   142        SH:  5    Dex: 13    Spells: 4/4 levels left

rFire   . . .        a - +0 war axe
rCold   . . .        c - +0 buckler
rNeg    . . .        b - +0 scale mail
rPois   .            (helmet unavailable)
rElec   .            (no cloak)
rCorr   .            (no gloves)
SInv    +            (no boots)
Will    .....        (no amulet) Stlth
                     (no ring)
HPRegen 0.27/turn    (no ring)
MPRegen 0.09/turn

%: no passive effects
@: no status effects
A: permanent stasis, dig shafts and tunnels, antennae 3, four strong arms
a: Dig, Shaft Self


You were on level 2 of the Dungeon.
You visited 1 branch of the dungeon, and saw 2 of its levels.

You collected 142 gold pieces.

Inventory:

Hand Weapons
 a - a +0 war axe (weapon)
Armour
 b - a +0 scale mail (worn)
 c - a +0 buckler (worn)
Scrolls
 g - a scroll of vulnerability
Potions
 d - a potion of might
 f - a potion of ambrosia {unknown}
 i - a potion of degeneration {unknown}
 j - a potion of curing {unknown}


   Skills:
 * Level 3.9 Fighting
 * Level 3.5 Axes
 * Level 3.9 Armour
 * Level 4.6 Shields


You had 4 spell levels left.
You didn't know any spells.
Your spell library contained the following spells:

 Spells                   Type           Power      Damage    Failure   Level
 Beastly Appendage        Tmut           0%         N/A       80%         1
 Wereblood                Tmut           0%         N/A       91%         2
 Spider Form              Tmut/Pois      0%         N/A       99%         3


Dungeon Overview and Level Annotations

Branches:
Dungeon (2/15)

Altars:


Innate Abilities, Weirdness & Mutations

You cannot be hasted, slowed, berserked, paralysed or teleported.
You can dig through walls and to a lower floor.
You have a pair of large antennae on your head. (SInv)
Your four strong arms can wield two-handed weapons with a shield.


Message History

You are too injured to fight recklessly!
You are too injured to fight recklessly!
Unknown command.
You are too injured to fight recklessly!
Unknown command.
You are too injured to fight recklessly!
Unknown command.
You are too injured to fight recklessly!
Unknown command.
Unknown command.
You slash the endoplasm!
You kill the endoplasm!
The gnoll closely misses you.
Unknown command.
You hit the kobold.
You kill the kobold!
The gnoll hits you from afar with a +0 halberd.
Unknown command.
The gnoll hits you with a +0 halberd!
* * * LOW HITPOINT WARNING * * *
Items here: ))) †††.
Unknown command.
Found a brass wand.
Found a faded altar of an unknown god.
The gnoll misses you.
Unknown command.
The gnoll hits you with a +0 halberd.
* * * LOW HITPOINT WARNING * * *
The gnoll closely misses you.
You barely miss the gnoll. The gnoll hits you with a +0 halberd.
* * * LOW HITPOINT WARNING * * *
The gnoll barely misses you.
Unknown command.
You closely miss the gnoll. The gnoll closely misses you.
Unknown command.
You hit the gnoll but do no damage.
A dart slug comes into view.
You block the gnoll's attack.
Unknown command.
You hit the gnoll but do no damage. The gnoll hits you with a +0 halberd!
You die...

#. .. . #.
##########.### ###
#§.......#...# ... ##
#........# #.##.#
.###§§......###g@..###..
.§§§§§......'.).........
#################..#####
..... ♣ #...P.♣ . #♣._.P
. .♣/P P {


Pw. ♣ ♣ You could see a gnoll and a dart slug.

Vanquished Creatures
  Robin (D:2)
  2 gnolls (D:2)
  An adder (D:2)
  8 bats
  6 endoplasms
  6 giant cockroaches
  17 goblins
  5 hobgoblins
  A quokka (D:1)
  2 ball pythons (D:2)
  3 frilled lizards (D:1)
  3 kobolds
  3 rats (D:1)
58 creatures vanquished.

Notes
Turn   | Place    | Note
-------+----------+-------------------------------------------
     0 | D:1      | GigaChad the Formicid Fighter began the quest for the Orb.
     0 | D:1      | Reached XP level 1. HP: 18/18 MP: 1/1
    30 | D:1      | Reached XP level 2. HP: 18/24 MP: 2/2
   178 | D:1      | Reached XP level 3. HP: 29/29 MP: 3/3
   542 | D:2      | Noticed Robin
   553 | D:2      | Reached XP level 4. HP: 34/37 MP: 4/4
   564 | D:2      | Killed Robin
   768 | D:2      | Reached XP level 5. HP: 16/42 MP: 5/5
   771 | D:2      | Found a faded altar of an unknown god.
   772 | D:2      | HP: 2/42 [gnoll/+0 halberd (1)]
   777 | D:2      | Slain by a gnoll

Illustrated notes

Levels and vault maps discovered:
D:1:      dpeg_arrival_fog, layout_basic
D:2:      layout_basic, ebering_ecumenical_altar_petrified,
          minmay_stone_trees_small, minmay_pentomino_o2, uniq_robin,
          uniq_terence, uniq_crazy_yiuf_cottage

Skill      XL: |  1  2  3 |
---------------+----------+-----
Axes           | 3 |  3.5
Fighting       | |  3.9
Armour         | |  3.9
Shields        | |  4.6

Action                     |  1- 3 |  4- 6 || total
---------------------------+-------+-------++-------
  Melee: War axe           |    90 |    34 ||   124
Ability: Dig               |     3 |     1 ||     4
    Use: Scroll            |     1 |     3 ||     4
 Armour: Scale mail        |    55 |    16 ||    71
  Dodge: Dodged            |    58 |    16 ||    74
  Block: Buckler           |    32 |    16 ||    48
